 Dungeon Crawl Stone Soup version 0.29.1-1-gd02db6906a (webtiles) character file.

Game seed: 541379846341163690

214 LustLizard the Slasher (level 6, -4/46 HPs)
             Began as a Human Gladiator on Oct 12, 2022.
             Was an Initiate of Okawaru.
             Slain by a gnoll sergeant
             ... wielding a +4 flail
              (8 damage)
             ... on level 4 of the Dungeon.
             The game lasted 00:03:56 (4064 turns).

LustLizard the Slasher (Human Gladiator)            Turns: 4064, Time: 00:03:56

Health: -4/46      AC:  7    Str: 14    XL:     6   Next: 15%
Magic:  6/6        EV: 11    Int:  8    God:    Okawaru [......]
Gold:   152        SH:  0    Dex: 17    Spells: 5/5 levels left

rFire   . . .      SeeInvis .   a - +0 long sword
rCold   . . .      Faith    .   (no shield)
rNeg    . . .      Spirit   .   t - +0 ring mail
rPois   +          Reflect  .   c - +0 helmet
rElec   .          Harm     .   e - +0 cloak
rCorr   .          Rampage  .   (no gloves)
Will    .....                   (no boots)
Stlth   +.........              (no amulet)
HPRegen 0.15/turn               s - ring of poison resistance
MPRegen 0.10/turn               (no ring)

@: no status effects
A: no striking features
a: Renounce Religion


You were on level 4 of the Dungeon.
You worshipped Okawaru.
Okawaru was noncommittal.
You visited 1 branch of the dungeon, and saw 4 of its levels.

You collected 152 gold pieces.

Inventory:

Hand Weapons
 a - a +0 long sword (weapon)
 l - the +1 mace "Dragon's Death Toll" {vorpal, Str+5}
   (You found it on level 2 of the Dungeon)

   It inflicts extra damage upon your enemies.
   Str:       It affects your strength (+5).
Missiles
 d - 3 throwing nets (quivered)
 u - a javelin
 w - 48 stones
 x - 3 poisoned darts
Armour
 b - a +0 leather armour
 c - a +0 helmet (worn)
 e - a +0 cloak (worn)
 t - a +0 ring mail (worn)
 y - a +0 kite shield
Jewellery
 s - a ring of poison resistance (left hand)
Scrolls
 m - a scroll of silence {unknown}
 n - a scroll of vulnerability {unknown}
 o - a scroll of identify
 p - a scroll of blinking {unknown}
 q - a scroll of amnesia {unknown}
 r - a scroll of brand weapon {unknown}
 v - a scroll of noise {unknown}
Potions
 f - a potion of haste
 g - a potion of flight
 h - 2 potions of curing
 i - a potion of magic
 j - a potion of lignification
 k - 2 potions of heal wounds
 z - a potion of might


   Skills:
 + Level 2.9 Fighting
 * Level 4.3 Long Blades
 * Level 3.8 Throwing
 + Level 1.9 Armour
 - Level 3.0 Dodging


You had 5 spell levels left.
You didn't know any spells.
Your spell library contained the following spells:

 Spells                   Type           Power      Damage    Failure   Level
 Apportation              Tloc           0%         N/A       65%         1
 Corpse Rot               Necr/Pois/Air  0%         N/A       100%        4
 Dispel Undead            Necr           0%         3d6       100%        4
 Olgreb's Toxic Radiance  Pois           0%         N/A       100%        4
 Alistair's Intoxication  Tmut/Pois      0%         N/A       100%        5
 Ozocubu's Refrigeration  Ice            0%         4d7       100%        7
 Ignition                 Fire           0%         3d3       100%        8
 Death Channel            Necr           Unusable   N/A       N/A         6

Dungeon Overview and Level Annotations

Branches:
Dungeon (4/15)
 Temple: D:4-7

Altars:
Dithmenos
Elyvilon
Hepliaklqana
Okawaru
Qazlal
Ru
Uskayaw


Message History

w - 48 stones (gained 7)
There is a stone staircase leading down here.
Found a short sword.
A goblin comes into view. It is wielding a +0 club.
A goblin is nearby!
You see here a +0 short sword.
The goblin barely misses you.
You slash the goblin!
You kill the goblin!
No target in view!
You see here a +0 club.
You now have 152 gold pieces (gained 14).
Found a faded altar of an unknown god.
A gnoll sergeant comes into view. It is wielding a +4 flail.
A gnoll sergeant is nearby!
Found a hazy altar of Hepliaklqana.
The gnoll sergeant hits you with a +4 flail!
You hit the gnoll sergeant but do no damage.
The gnoll sergeant closely misses you.
The gnoll sergeant hits you with a +4 flail!
You hit the gnoll sergeant.
The gnoll sergeant is moderately wounded.
The gnoll sergeant closely misses you.
You barely miss the gnoll sergeant.
The gnoll sergeant is moderately wounded.
The gnoll sergeant barely misses you.
You hit the gnoll sergeant.
The gnoll sergeant is moderately wounded.
The gnoll sergeant hits you with a +4 flail!
You are too injured to fight recklessly!
You are too injured to fight recklessly!
You hit the gnoll sergeant.
The gnoll sergeant is heavily wounded.
The gnoll sergeant completely misses you.
You hit the gnoll sergeant.
The gnoll sergeant is heavily wounded.
The gnoll sergeant hits you with a +4 flail!
* * * LOW HITPOINT WARNING * * *
The gnoll sergeant hits you with a +4 flail!
You die...

..##.# #.##.#
########.# ..##.#
#.##[# #.# ####.#
#.##.# #.# #.#
#.####### #.# #.# #.#
...# #.# #.# #.# ._.#
#.###### #.# ...#
#.....§#######g..####
#####.§§§§§§§@§..$...
#.§§§§§§§§§#...8.
#.§§§§§§§§§......
#.§#######§..## #
#### ...# ._.# ...#
####


You could see a gnoll sergeant.

Vanquished Creatures
  A hound (D:4)
  Crazy Yiuf (D:2)
  Jessica (D:2)
  An orc wizard (D:3)
  A gnoll (D:3)
  2 adders
  An ufetubus (D:3)
  2 dart slugs
  6 orcs
  6 endoplasms
  2 giant cockroaches
  5 goblins
  8 hobgoblins
  3 quokkas
  4 ball pythons
  6 bats
  5 frilled lizards
  7 kobolds
  3 rats (D:2)
65 creatures vanquished.

Notes
Turn   | Place    | Note
-------+----------+-------------------------------------------
     0 | D:1      | LustLizard the Human Gladiator began the quest for the Orb.
     0 | D:1      | Reached XP level 1. HP: 16/16 MP: 1/1
   223 | D:1      | Reached XP level 2. HP: 19/22 MP: 2/2
   661 | D:2      | Noticed Jessica
   665 | D:2      | Killed Jessica
   666 | D:2      | Reached skill level 1 in Armour
   666 | D:2      | Reached XP level 3. HP: 14/28 MP: 3/3
   878 | D:2      | Identified the +1 mace "Dragon's Death Toll" {vorpal,
                  | Str+5}
  1037 | D:2      | Reached XP level 4. HP: 30/34 MP: 4/4
  1544 | D:2      | Found a runed translucent door.
  1545 | D:2      | Noticed Crazy Yiuf
  2201 | D:2      | Killed Crazy Yiuf
  2202 | D:2      | Reached XP level 5. HP: 5/39 MP: 0/5
  2927 | D:3      | Reached skill level 4 in Long Blades
  3322 | D:3      | Found an iron altar of Okawaru.
  3337 | D:3      | Became a worshipper of Warmaster Okawaru
  3372 | D:3      | Found a shadowy altar of Dithmenos.
  3493 | D:3      | Found a stormy altar of Qazlal.
  3494 | D:3      | Found a hide-covered altar of Uskayaw.
  3494 | D:3      | Found a white marble altar of Elyvilon.
  3495 | D:3      | Found a sacrificial altar of Ru.
  3559 | D:3      | Found a faded altar of an unknown god.
  3685 | D:4      | Reached XP level 6. HP: 45/46 MP: 6/6
  4056 | D:4      | Found a faded altar of an unknown god.
  4058 | D:4      | Found a hazy altar of Hepliaklqana.
  4064 | D:4      | Slain by a gnoll sergeant

Illustrated notes

Levels and vault maps discovered:
D:1:      spicycebolla_green_bress_n_ham_2, layout_basic
D:2:      layout_basic, minmay_pentomino_x2, uniq_jessica,
          uniq_crazy_yiuf_cottage
D:3:      layout_basic, okawaru_altar_gauntlet_db, minitemple,
          hellmonk_ecumenical_altar_arch_garden
D:4:      layout_loops_ring, beargit_hepliaklqana_dungeon_heroes,
          grunt_ministairs_13

Skill      XL: |  1  2  3  4  5 |
---------------+----------------+-----
Armour         | 1 |  1.9
Throwing       | 3 |  3.8
Long Blades    | 4 |  4.3
Fighting       | |  2.9
Dodging        | |  3.0

Action                   |  1- 3 |  4- 6 || total
-------------------------+-------+-------++-------
Melee: Long sword        |    58 |    23 ||    81
       Mace              |     4 |   134 ||   138
       Punch             |       |     1 ||     1
Throw: Javelin           |       |     1 ||     1
  Use: Scroll            |       |     6 ||     6
 Stab: Invisible         |       |     1 ||     1
       Sleeping          |       |     1 ||     1
Armor: Leather armour    |    27 |    14 ||    41
       Ring mail         |       |    42 ||    42
Dodge: Dodged            |    54 |   113 ||   167
